 Dungeon Crawl Stone Soup version 0.26-a0-672-g1df16c3386 (webtiles) character file.

Game seed: 14515950368110519602

153924 marklar909 the Fencer (level 18, 0/146 HPs)
             Began as a Formicid Abyssal Knight on Oct 19, 2020.
             Was the Champion of Lugonu.
             Slain by a tentacle (19 damage)
             ... attached to a kraken
             ... on level 3 of the Shoals on Oct 20, 2020.
             The game lasted 01:33:45 (43725 turns).

marklar909 the Fencer (Formicid Abyssal Knight)    Turns: 43725, Time: 01:33:46

Health: 0/146      AC: 26    Str: 21    XL:     18   Next: 24%
Magic:  25/25      EV: 12    Int: 13    God:    Lugonu [******]
Gold:   2236       SH: 21    Dex: 13    Spells: 10/18 levels left

rFire    . . .     SeeInvis +   a - +9 great sword (distort)
rCold    . . .     Faith    .   J - +2 kite shield
rNeg     . . .     Spirit   .   G - +3 chain mail {rPois}
rPois    +         Reflect  +   (helmet unavailable)
rElec    .         Harm     .   d - +2 cloak
rCorr    +         Rampage  .   f - +2 pair of gloves
MR       ++++.                  m - +2 pair of boots {Fly}
Stlth    +.........             F - amulet "Mith" {Reflect MR+++ SH+5}
HPRegen  0.34/turn              w - ring of wizardry
MPRegen  0.19/turn              t - ring of resist corrosion

@: flying
A: permanent stasis, dig shafts and tunnels, four strong arms, antennae 3
a: Dig, Shaft Self, Depart the Abyss, Bend Space, Banish, Corrupt, Enter the
Abyss, Renounce Religion, Stop Flying


You were on level 3 of the Shoals.
You worshipped Lugonu.
Lugonu was exalted by your worship.
You visited 4 branches of the dungeon, and saw 26 of its levels.
You visited the Abyss 1 time.

You collected 2897 gold pieces.
You spent 661 gold pieces at shops.

Inventory:

Hand Weapons
 a - a +9 great sword of distortion (weapon)
 b - the +2 demon blade "Gegrytusch" {freeze, *Slow Int+5 Dex+4}
   (You acquired it on level 3 of the Lair of Beasts)

   It has been specially enchanted to freeze those struck by it, causing extra
   injury to most foes and up to half again as much damage against particularly
   susceptible opponents.
   It can also slow down cold-blooded creatures.
   It affects your intelligence (+5).
   It affects your dexterity (+4).
   It may slow you when you take damage.
 H - a +1 scimitar of flaming
Missiles
 C - 81 poisoned darts (quivered)
 I - 27 javelins
Armour
 d - a +2 cloak (worn)
 f - a +2 pair of gloves (worn)
 m - a +2 pair of boots of flying (worn)
 G - a +3 chain mail of poison resistance (worn)
 J - a +2 kite shield (worn)
Jewellery
 t - a ring of resist corrosion (right hand)
 w - a ring of wizardry (left hand)
 x - an uncursed ring of ice
 F - the amulet "Mith" (around neck) {Reflect MR+++ SH+5}
   (You found it on level 14 of the Dungeon)

   [amulet of reflection]

   It shields you and reflects attacks.
   It affects your resistance to hostile enchantments.
   It affects your SH (+5).
Wands
 h - a wand of iceblast (10)
 k - a wand of acid (18)
 q - a wand of paralysis (6)
 y - a wand of digging (12)
 P - a wand of disintegration (36)
Scrolls
 j - 8 scrolls of identify
 l - 5 scrolls of amnesia
 o - 6 scrolls of fog
 p - a scroll of holy word {unknown}
 u - 8 scrolls of remove curse
 B - a scroll of silence {unknown}
 D - a scroll of vulnerability {unknown}
 K - 4 scrolls of fear
 S - 4 scrolls of magic mapping
Potions
 c - 3 potions of lignification
 e - 4 potions of mutation
 g - 4 potions of brilliance
 i - 5 potions of heal wounds
 n - 6 potions of might
 r - 16 potions of curing
 s - 2 potions of cancellation
 v - 3 potions of resistance
 z - a potion of magic
 A - a potion of ambrosia {unknown}
 E - 4 potions of stabbing
 T - a potion of invisibility


   Skills:
 + Level 14.0 Fighting
   Level 1.3(11.4) Short Blades
 + Level 16.8 Long Blades
 + Level 5.3 Throwing
 + Level 13.3 Armour
 + Level 6.8 Dodging
 + Level 7.5 Stealth
 + Level 15.7 Shields
 + Level 0.6 Spellcasting
 + Level 1.2 Hexes
 + Level 10.1 Invocations
 + Level 2.5 Evocations


You had 10 spell levels left.
You knew the following spells:

 Your Spells              Type           Power        Failure   Level
a - Slow                  Hex            #.......     50%         2
b - Statue Form           Tmut/Erth      #........    100%        6

Your spell library contained the following spells:

 Spells                   Type           Power        Failure   Level
 Beastly Appendage        Tmut           #.....       52%         1
 Foxfire                  Conj/Fire      #...         52%         1
 Magic Dart               Conj           #...         52%         1
 Sandblast                Erth           #.....       52%         1
 Sting                    Tmut/Pois      #...         52%         1
 Summon Small Mammal      Summ           #...         52%         1
 Call Imp                 Summ           #.......     65%         2
 Passwall                 Tmut/Erth      #.......     65%         2
 Poisonous Vapours        Pois/Air       #.....       65%         2
 Wereblood                Tmut           #.......     65%         2
 Summon Guardian Golem    Hex/Summ       #.......     80%         3
 Call Canine Familiar     Summ           #.......     86%         3
 Conjure Flame            Conj/Fire      #.......     86%         3
 Mephitic Cloud           Conj/Pois/Air  #.......     86%         3
 Spider Form              Tmut/Pois      #.........   86%         3
 Stone Arrow              Conj/Erth      #.....       86%         3
 Ice Form                 Ice/Tmut       #.......     99%         4
 Petrify                  Tmut/Erth      #.......     99%         4
 Sticky Flame             Conj/Fire      #.......     99%         4
 Summon Ice Beast         Ice/Summ       #.......     99%         4
 Summon Lightning Spire   Summ/Air       #.......     99%         4
 Blade Hands              Tmut           #.........   100%        5
 Lee's Rapid Deconstruct  Erth           #.........   100%        5
 Conjure Ball Lightning   Conj/Air       #.........   100%        6
 Freezing Cloud           Conj/Ice/Air   #.........   100%        6
 Blink                    Tloc           Unusable     N/A         2

Dungeon Overview and Level Annotations

Branches:
Dungeon (15/15)            Temple (0/1) D:5            Lair (6/6) D:8
 Shoals (3/4) Lair:4       Spider (0/4) Lair:3        Slime (0/5) Lair:6
    Orc (2/2) D:12            Elf (0/3) Orc:2        Vaults (0/5) D:14
 Depths (0/5) D:15

Altars:
Ashenzari
Elyvilon
Fedhas
Gozag
Makhleb
Nemelex Xobeh
Sif Muna
Trog
Uskayaw
Vehumet
Xom
Yredelemnul
Beogh
Jiyva

Shops:
D:9 (}*(?   D:12 ?   Orc:1 ?   Orc:2 ?*}[   Shoals:1 [

Portals:
Pandemonium: Orc:2

Annotations:
D:4 3 runed translucent doors, robertstho's ghost, amateur DEIE
Lair:4 5 runed translucent doors, Fiha's ghost, journeyman VSTm


Innate Abilities, Weirdness & Mutations

You cannot be hasted, slowed, berserked, paralysed or teleported.
You can dig through walls and to a lower floor.
Your four strong arms can wield two-handed weapons with a shield.
You have a pair of large antennae on your head. (SInv)


Message History

You block the tentacle's attack. x2; The tentacle barely misses you.
The tentacle slaps you but does no damage.
Unknown command.
Okay, then.
Evoke which item? (* to show all) (? for menu, Esc to quit)
Okay, then.
Unknown command.
Okay, then.
Evoke which item? (* to show all) (? for menu, Esc to quit)
Okay, then.
The tentacle slaps you but does no damage.
You block the tentacle's attack. You block the tentacle's attack.
The tentacle slaps you.
* * * LOW HITPOINT WARNING * * *
Unknown command.
You block the tentacle's attack. x3
The tentacle slaps you!!
* * * LOW HITPOINT WARNING * * *
The tentacle slaps you!!
You die...

≈≈≈≈≈≈≈≈≈≈≈≈≈≈≈≈≈≈≈≈≈≈≈≈≈≈≈
≈≈≈≈≈≈≈≈≈≈≈≈≈≈≈≈≈≈≈.≈≈≈≈≈≈≈
≈≈≈≈≈≈≈≈≈≈≈≈≈≈≈≈≈≈≈≈≈≈..≈≈≈≈≈≈≈
≈≈≈≈≈≈≈≈≈≈≈≈≈≈≈≈≈≈≈≈≈≈.....≈≈≈.≈≈
≈≈≈≈≈≈≈≈≈≈≈≈≈≈≈≈≈≈≈≈≈......≈≈≈≈..
≈≈≈≈≈≈≈≈≈≈≈≈≈≈≈≈≈......###.≈≈≈≈≈.
≈≈≈≈≈≈≈≈≈≈≈≈≈≈≈≈..###### #..≈≈≈≈>
≈≈≈≈≈≈≈≈≈≈≈≈≈≈≈w.## #####..≈≈≈..
≈≈≈≈≈≈≈≈≈≈≈≈≈X≈w@# #.....≈≈(≈..
≈≈≈≈≈≈≈≈≈≈≈≈≈≈≈w.#####....≈≈)≈≈≈.
≈≈≈≈≈≈≈≈≈≈≈≈≈≈≈≈≈.##..≈≈≈≈≈≈≈)).≈
≈≈≈≈≈≈≈≈≈≈≈≈≈≈≈≈≈....≈≈≈≈≈≈≈≈≈≈≈.
≈≈≈≈≈≈≈≈≈≈≈≈≈≈≈≈≈≈≈≈≈≈≈≈≈≈≈≈≈≈≈..
≈≈≈≈≈≈≈≈≈≈≈≈≈≈≈≈≈≈≈≈≈≈≈≈≈≈≈≈≈≈≈≈≈
≈≈≈≈≈≈≈≈≈≈≈≈≈≈≈≈≈≈≈≈≈≈≈≈≈≈≈≈≈≈≈≈≈
≈≈≈≈≈≈≈≈≈≈≈≈≈≈≈≈≈≈≈≈≈≈≈≈≈≈≈≈≈≈≈..
≈≈≈≈≈≈≈≈≈≈≈≈≈≈≈≈≈≈≈≈≈≈≈≈≈≈≈≈≈....


You could see a kraken and 3 tentacles.

Vanquished Creatures
  Bai Suzhen (Shoals:3)
  Polyphemus (Shoals:3)
  Snorg (Lair:3)
  A merfolk impaler (Shoals:3)
  2 catoblepae
  A rakshasa (D:15)
  A vault guard (D:14)
  4 hydras
  3 centaur warriors (D:15)
  8 death yaks
  An alligator snapping turtle (Shoals:3)
  A queen ant (D:8)
  4 two-headed ogres
  A merfolk avatar (Shoals:2)
  5 orc high priests
  3 satyrs
  Urug (Lair:3)
  A sun demon (Orc:2)
  A sixfirhy (Orc:2)
  2 unseen horrors
  8 sea snakes
  A gelid demonspawn (Orc:2)
  2 torturous demonspawn (Orc:2)
  An infernal demonspawn (Orc:2)
  6 orc knights
  3 wizards (D:14)
  Pikel (D:8)
  A deep elf archer (D:15)
  7 orc sorcerers (Orc:2)
  11 harpies
  17 ugly things
  3 wolf spiders
  5 manticores
  17 fauns
  3 cyclopes
  5 centaur zombies
  2 rust devils (Orc:1)
  3 merfolk sirens
  13 black mambas
  2 gargoyles
  11 elephants
  A torpor snail (Lair:2)
  6 centaur skeletons
  2 water nymphs
  10 cane toads
  3 rime drakes
  A kobold demonologist (D:11)
  An efreet (D:15)
  A yaktaur (D:15)
  13 komodo dragons
  2 hellwings (Orc:2)
  A red devil (Orc:2)
  3 meliai (D:13)
  5 polar bears
  A jumping spider (Lair:3)
  13 merfolk
  12 trolls
  3 hornets
  14 blink frogs
  A wind drake (Shoals:1)
  3 dream sheep (Shoals:2)
  7 snapping turtles
  5 redbacks
  5 water elementals
  2 shadows (D:11)
  A ynoxinul (Orc:2)
  12 wyverns
  7 basilisks
  A tarantella (Lair:4)
  2 wraiths
  2 centaur simulacra (D:13)
  58 yaks
  20 humans (D:14)
  Menkaure (D:5)
  7 vampire mosquitoes
  4 wargs
  Edmund (D:5)
  8 soldier ants
  An acid dragon (D:15)
  21 water moccasins
  A meliai simulacrum (D:13)
  2 sky beasts
  44 orc warriors
  A black bear (D:7)
  3 phantoms
  8 ice beasts
  3 boggarts (D:15)
  A necrophage (D:9)
  11 centaurs
  12 ogres
  8 wolves
  A lemure (D:8)
  6 big kobolds
  Blork the orc (D:5)
  17 bullfrogs
  A wyvern skeleton (D:15)
  A hornet simulacrum (D:13)
  7 scorpions
  2 water moccasin skeletons
  10 wights
  A killer bee (D:8)
  7 electric eels
  8 hounds
  3 quasits
  2 wyvern simulacra (D:13)
  7 jellies
  31 orc priests
  28 orc wizards
  3 iguanas
  Natasha (twice) (D:3)
  10 hell rats
  32 worker ants
  2 hound zombies (D:8)
  3 worker ant zombies
  A howler monkey skeleton (D:8)
  10 adders
  6 white imps
  3 ufetubi
  An ooze (D:4)
  2 adder skeletons
  2 adder zombies
  7 worms
  A dart slug (D:4)
  5 leopard geckos
  85 orcs
  6 bats
  2 giant cockroaches
  8 goblins
  11 hobgoblins
  13 jackals
  6 quokkas
  3 ball pythons
  4 frilled lizards
  26 kobolds
  A quokka skeleton (D:6)
  5 rats
  A tentacle (Shoals:1)
914 creatures vanquished.

Vanquished Creatures (others)
  An orc priest (Orc:2)
  34 fungi
  93 plants
  8 tentacles
136 creatures vanquished.

Grand Total: 1050 creatures vanquished

Notes
Turn   | Place    | Note
-------+----------+-------------------------------------------
     0 | Abyss:1  | marklar909 the Formicid Abyssal Knight began the quest for
                  | the Orb.
     0 | Abyss:1  | Reached XP level 1. HP: 18/18 MP: 2/2
    29 | Abyss:1  | Found a corrupted altar of Lugonu.
    73 | Abyss:1  | Noticed a quasit
    77 | Abyss:1  | Noticed a great orb of eyes
    85 | Abyss:1  | Noticed a glowing orange brain
    94 | Abyss:1  | Noticed a large abomination
   116 | D:1      | Escaped the Abyss
   188 | D:1      | Reached XP level 2. HP: 20/24 MP: 3/3
   311 | D:1      | Reached * piety under Lugonu
   552 | D:1      | Reached XP level 3. HP: 23/30 MP: 4/4
  1336 | D:2      | Reached skill level 1 in Dodging
  1495 | D:2      | Reached skill level 3 in Long Blades
  1521 | D:2      | Reached XP level 4. HP: 37/37 MP: 5/5
  1917 | D:3      | Found a white marble altar of Elyvilon.
  1941 | D:3      | Noticed Natasha
  1951 | D:3      | Killed Natasha
  1951 | D:3      | Reached ** piety under Lugonu
  2061 | D:2      | Reached XP level 5. HP: 37/42 MP: 6/6
  2123 | D:3      | Reached skill level 4 in Long Blades
  2330 | D:3      | Reached XP level 6. HP: 48/48 MP: 7/7
  2573 | D:3      | Noticed Natasha
  2592 | D:3      | Killed Natasha
  2694 | D:3      | You fall into a shaft and drop 1 floor!
  3071 | D:3      | Found a burning altar of Makhleb.
  3074 | D:3      | Found a broken altar of Ashenzari.
  3076 | D:3      | Found a radiant altar of Vehumet.
  3113 | D:4      | Found a runed translucent gate.
  3113 | D:4      | Found a runed translucent gate.
  3135 | D:4      | Found a runed translucent gate.
  3355 | D:4      | Found an opulent altar of Gozag.
  3575 | D:4      | Found a hide-covered altar of Uskayaw.
  3611 | D:4      | Reached XP level 7. HP: 50/55 MP: 9/9
  3806 | D:4      | Noticed robertstho's ghost (amateur DEIE)
  3879 | D:5      | Entered Level 5 of the Dungeon
  4025 | D:5      | Reached skill level 5 in Long Blades
  4098 | D:5      | Found a staircase to the Ecumenical Temple.
  4146 | D:5      | Noticed Menkaure
  4155 | D:5      | Killed Menkaure
  4303 | D:5      | Noticed Edmund
  4329 | D:5      | Killed Edmund
  4329 | D:5      | Reached skill level 5 in Fighting
  4329 | D:5      | Reached XP level 8. HP: 36/62 MP: 10/10
  4404 | D:5      | Noticed Blork the orc
  4416 | D:5      | Killed Blork the orc
  4438 | D:5      | Reached skill level 6 in Long Blades
  4451 | D:5      | Reached skill level 1 in Stealth
  4506 | D:5      | Reached *** piety under Lugonu
  5125 | D:6      | Found a shimmering altar of Xom.
  5763 | D:6      | Reached skill level 5 in Armour
  6047 | D:6      | Reached skill level 7 in Long Blades
  6047 | D:6      | Reached skill level 5 in Invocations
  6047 | D:6      | Reached XP level 9. HP: 68/69 MP: 12/12
  6115 | D:6      | Found an opulent altar of Gozag.
  6116 | D:6      | Found a basalt altar of Yredelemnul.
  6116 | D:6      | Found a sparkling altar of Nemelex Xobeh.
  6118 | D:6      | Found a bloodstained altar of Trog.
  6616 | D:7      | Found a blossoming altar of Fedhas.
  6902 | D:7      | Identified Sif Muna's Reference Book on Unstable
                  | Conjuration
  6967 | D:7      | Found a shimmering blue altar of Sif Muna.
  6973 | D:7      | Reached **** piety under Lugonu
  7010 | D:7      | Reached skill level 8 in Long Blades
  7083 | D:7      | Learned a level 2 spell: Slow
  7090 | D:7      | Learned a level 6 spell: Statue Form
  7153 | D:8      | Noticed a death yak
  7154 | D:8      | Noticed a death yak
  7157 | D:8      | Noticed a death yak
  7956 | D:8      | Found a staircase to the Lair.
  7970 | D:8      | Reached XP level 10. HP: 49/77 MP: 13/15
  8067 | D:8      | Noticed Pikel
  8097 | D:8      | Killed Pikel
  8255 | Lair:1   | Entered Level 1 of the Lair of Beasts
  8255 | Lair:1   | Noticed a cane toad
  8268 | Lair:1   | Killed a cane toad
  8327 | Lair:1   | Noticed a black mamba
  8344 | Lair:1   | Killed a black mamba
  8413 | Lair:1   | Noticed a seven-headed hydra
  8542 | D:9      | Found Vorox's Weapon Emporium.
  8542 | D:9      | Noticed a two-headed ogre
  8553 | D:9      | Killed a two-headed ogre
  8553 | D:9      | Reached skill level 9 in Long Blades
  8553 | D:9      | Reached skill level 1 in Throwing
  8643 | D:9      | Found Sammikum's Gadget Shoppe.
  8763 | D:9      | Found Cusmye's General Store.
  8765 | D:9      | Found Lih Hija's Antique Weapon Boutique.
  8777 | D:9      | Bought a scroll of identify for 20 gold pieces
  8800 | D:9      | Found Somocueg's Magic Scroll Emporium.
  8810 | D:9      | Bought a scroll of identify for 20 gold pieces
  8810 | D:9      | Bought a scroll of identify for 20 gold pieces
  8810 | D:9      | Bought a scroll of enchant armour for 75 gold pieces
  9076 | D:9      | You fall into a shaft and drop 1 floor!
  9076 | D:10     | Entered Level 10 of the Dungeon
  9189 | D:10     | Reached XP level 11. HP: 69/84 MP: 17/17
  9310 | D:10     | Noticed an unseen horror
  9323 | D:10     | Reached skill level 5 in Stealth
  9334 | D:10     | Killed an unseen horror
  9334 | D:10     | Reached skill level 1 in Evocations
  9983 | D:8      | Killed a death yak
  9983 | D:8      | Reached skill level 10 in Long Blades
 11167 | D:8      | Killed a death yak
 11692 | D:8      | Noticed a queen ant
 11763 | D:8      | Killed a queen ant
 11787 | D:8      | Reached ***** piety under Lugonu
 12136 | D:4      | Got a transparent short sword
 12137 | D:4      | Identified the cursed +2 short sword of Annihilation
                  | {flame, *Rage rElec Int+3} (You found it on level 4 of the
                  | Dungeon)
 12531 | D:10     | Reached XP level 12. HP: 85/93 MP: 19/19
 13320 | D:11     | Reached skill level 5 in Dodging
 13416 | D:11     | Reached skill level 1 in Shields
 13919 | D:11     | Noticed a boulder beetle
 13920 | D:11     | Noticed a boulder beetle
 13926 | D:11     | Banished a boulder beetle
 13926 | D:11     | Reached skill level 11 in Long Blades
 13928 | D:11     | Banished a boulder beetle
 14794 | D:12     | Found Ytaocw's Magic Scroll Emporium.
 14797 | D:12     | Bought a scroll of enchant weapon for 90 gold pieces
 14797 | D:12     | Bought a scroll of identify for 24 gold pieces
 14830 | D:12     | Noticed an eight-headed hydra
 14855 | D:12     | Killed an eight-headed hydra
 15244 | D:12     | Found a staircase to the Orcish Mines.
 15849 | Lair:1   | Banished a seven-headed hydra
 15849 | Lair:1   | Reached skill level 5 in Shields
 16457 | Lair:1   | Reached XP level 13. HP: 72/100 MP: 20/20
 16640 | Lair:1   | Noticed an eight-headed hydra
 16645 | Lair:1   | Banished an eight-headed hydra
 17524 | Lair:2   | Reached skill level 10 in Invocations
 17807 | Lair:2   | Reached skill level 10 in Fighting
 17894 | Lair:2   | Reached skill level 12 in Long Blades
 19253 | Lair:3   | Noticed Urug
 19391 | Lair:3   | Killed Urug
 19391 | Lair:3   | Reached skill level 10 in Armour
 19688 | Lair:3   | Noticed a six-headed hydra
 19708 | Lair:3   | Killed a six-headed hydra
 20133 | Lair:3   | Noticed Snorg
 20156 | Lair:3   | Killed Snorg
 20454 | Lair:3   | Found a hole to the Spider Nest.
 20859 | Lair:3   | Identified a scroll of acquirement
 20859 | Lair:3   | Acquired the +2 demon blade "Gegrytusch" {freeze, *Slow
                  | Int+5 Dex+4}
 21117 | Lair:4   | You are sucked into a shaft and drop 2 floors!
 21117 | Lair:6   | Entered Level 6 of the Lair of Beasts
 21261 | Lair:6   | Reached XP level 14. HP: 96/109 MP: 17/21
 21497 | Lair:6   | Reached skill level 13 in Long Blades
 22103 | Lair:6   | Reached skill level 10 in Shields
 23402 | Lair:4   | Found a runed translucent gate.
 23403 | Lair:4   | Found a runed translucent gate.
 23404 | Lair:4   | Found a runed translucent gate.
 23702 | Lair:4   | Found a staircase to the Shoals.
 23703 | Lair:4   | Found a large runed translucent door.
 23703 | Lair:4   | Found a large runed translucent door.
 24140 | Lair:4   | Noticed Fiha's ghost (journeyman VSTm)
 24419 | Lair:5   | Reached skill level 14 in Long Blades
 24834 | Lair:5   | Reached skill level 1 in Short Blades
 24834 | Lair:5   | Reached XP level 15. HP: 73/118 MP: 15/22
 25475 | Lair:6   | Found a viscous altar of Jiyva.
 25475 | Lair:6   | Found a staircase to the Slime Pits.
 25485 | Lair:6   | Reached ****** piety under Lugonu
 26505 | Orc:1    | Entered Level 1 of the Orcish Mines
 26505 | Orc:1    | Found Foihimiv's Magic Scroll Emporium.
 26701 | Orc:1    | Bought a scroll of identify for 28 gold pieces
 27009 | Orc:1    | Found a roughly hewn altar of Beogh.
 27249 | Orc:2    | Entered Level 2 of the Orcish Mines
 27455 | Orc:1    | Reached skill level 1 in Hexes
 27991 | Orc:2    | Found a staircase to the Elven Halls.
 28978 | Orc:2    | Found Hient's Magic Scroll Shop.
 28980 | Orc:2    | Found Rigric Dabe's General Store.
 29300 | Orc:2    | Bought 2 potions of heal wounds for 120 gold pieces
 29300 | Orc:2    | Bought a wand of acid (6) for 240 gold pieces
 29302 | Orc:2    | Bought a scroll of identify for 24 gold pieces
 30946 | Orc:2    | Reached XP level 16. HP: 65/126 MP: 13/23
 31241 | Orc:2    | Found Xuschacw's Gadget Shoppe.
 31241 | Orc:2    | Found Defiet's Antique Armour Emporium.
 31243 | Orc:2    | Found a one-way gate leading to the halls of Pandemonium.
 33109 | D:14     | Got a sparkling silver amulet
 34216 | D:14     | Found a gate to the Vaults.
 34230 | D:14     | Reached skill level 15 in Long Blades
 34670 | D:8      | Identified a +6 great sword of distortion (a +4 great sword
                  | corrupted by Lugonu)
 34670 | D:8      | Received a gift from Lugonu
 34677 | D:8      | Identified the amulet "Mith" {Reflect MR+++ SH+5} (You
                  | found it on level 14 of the Dungeon)
 34866 | D:15     | Entered Level 15 of the Dungeon
 35937 | D:15     | Found a staircase to the Depths.
 35978 | D:15     | Reached XP level 17. HP: 137/137 MP: 24/24
 36977 | Shoals:1 | Entered Level 1 of the Shoals
 37187 | Shoals:1 | Found Hugury's Antique Armour Emporium.
 37634 | Shoals:1 | Found a broken altar of Ashenzari.
 37688 | Shoals:1 | Noticed a kraken
 37699 | Shoals:1 | Banished a kraken
 38484 | Shoals:2 | Reached skill level 16 in Long Blades
 40666 | Shoals:2 | Reached skill level 15 in Shields
 41053 | Shoals:2 | Noticed a kraken
 41059 | Shoals:2 | Banished a kraken
 42146 | Shoals:3 | Reached skill level 5 in Throwing
 42445 | Shoals:3 | Noticed Polyphemus
 42485 | Shoals:3 | Killed Polyphemus
 42876 | Shoals:3 | Reached XP level 18. HP: 133/145 MP: 25/25
 43031 | Shoals:3 | Noticed Bai Suzhen
 43046 | Shoals:3 | Killed Bai Suzhen
 43706 | Shoals:3 | Noticed a kraken
 43725 | Shoals:3 | Slain by a tentacle

Illustrated notes

Levels and vault maps discovered:
D:1:      dpeg_arrival_ternary, layout_rooms
D:2:      layout_basic
D:3:      layout_basic, nicolae_overflow_hidden_temple, uniq_natasha
D:4:      layout_basic, marbit_many_paths, ebering_ghost_gozag
D:5:      layout_loops_ring, minmay_temple_entry_offerings, uniq_blork_the_orc,
          uniq_menkaure, uniq_edmund
D:6:      layout_gridville, minitemple
D:7:      layout_loops_ring, lemuel_coloured_pillars_altar,
          fedhas_bush_and_centaur_altar, grunt_decor_one_mirror
D:8:      minmay_octagon_keep, layout_loops_ring, dpeg_lair_monsters,
          zaba_antful_of_joy, uniq_pikel
D:9:      layout_cave_pools, serial_shops, nicolae_shop_crystal, shop, shop,
          nicolae_shop_crystal, shop
D:10:     layout_grid_maze
D:11:     kennysheep_big_flooded_room, layout_gridville,
          kennysheep_generic_room_11
D:12:     layout_loops_ring, erik_orc_3, serial_shops, kennysheep_mini
D:13:     layout_small_grid, serial_ice, serial_ice_i, serial_ice_m,
          serial_ice_f, serial_ice_n
D:14:     layout_loops_corners, grunt_vaults_entry_tiered, minivault_26,
          hangedman_decor_diamond_cutter
D:15:     hangedman_depths_entry_civil_slaughter, layout_irregular_city,
          minmay_misc_feat_hallway
Lair:1:   layout_big_grid, lemuel_fruit_fields
Lair:2:   layout_cave_pods, serial_bayou_lake_a
Lair:3:   layout_cave_pods, spider_nest_entry_a, minmay_hedge_maze, uniq_snorg,
          uniq_urug
Lair:4:   gammafunk_indiana_jones, layout_small_grid, shoals_dummy_entry,
          ebering_ghost_disaster_area
Lair:5:   layout_hall_layers, serial_bayou_shore_a
Lair:6:   hangedman_lair_tendril_chambers, layout_misc_corridors, slime_altar_1,
          nicolae_lair_grove_arrangements, disabler_island
Shoals:1: layout_shoals, serial_shops, shop, nicolae_shoals_cliffside_cave,
          wheals_shoals_ruined_temple
Shoals:2: layout_shoals
Shoals:3: layout_shoals, uniq_bai_suzhen, uniq_polyphemus
Orc:1:    layout_caves, basic_altar, serial_shops, shop
Orc:2:    pf_orc_diabolical, layout_caves

Skill      XL: |  1  2  3  4  5  6  7  8  9 10 11 12 13 14 15 16 17 18 |
---------------+-------------------------------------------------------+-----
Dodging        | 1 2 3 4 5 6 |  6.8
Long Blades    | 3 4 5 7 8 9 10 11 12 14 15 16 | 16.8
Fighting       | 4 5 6 7 8 9 10 11 12 13 14 | 14.0
Armour         | 3 4 5 6 7 9 10 11 12 13 | 13.3
Invocations    | 3 5 6 8 9 10 | 10.1
Stealth        | 1 2 4 6 7 |  7.5
Throwing       | 1 2 3 4 5 |  5.3
Evocations     | 1 2 |  2.5
Shields        | 5 8 10 12 14 15 | 15.7
Short Blades   | 1 |  1.3
Hexes          | 1 |  1.2
Spellcasting   | |  0.6

Action                   |  1- 3 |  4- 6 |  7- 9 | 10-12 | 13-15 | 16-18 || total
-------------------------+-------+-------+-------+-------+-------+-------++-------
Melee: Falchion          |    88 |   171 |   452 |  1204 |   186 |       ||  2101
       Long sword        |       |       |       |    81 |   119 |       ||   200
       Short sword       |       |       |       |    10 |    26 |       ||    36
       Demon blade       |       |       |       |       |  1466 |   447 ||  1913
       Great sword       |       |       |       |       |       |   607 ||   607
Throw: Dart              |       |       |       |    58 |    76 |    30 ||   164
 Cast: Slow              |       |       |       |       |     5 |       ||     5
Invok: Depart the Abyss  |     1 |       |       |       |       |       ||     1
       Banish            |       |       |     3 |     4 |     3 |     1 ||    11
       Bend Space        |       |       |     1 |     2 |       |       ||     3
       Brand Weapon With |       |       |       |       |       |     1 ||     1
 Abil: Dig               |     1 |       |     2 |     6 |    12 |     5 ||    26
Evoke: Wand              |       |       |     5 |    14 |    15 |     1 ||    35
  Use: Scroll            |     6 |     3 |    13 |     9 |     8 |    11 ||    50
       Potion            |       |       |     1 |     2 |       |     3 ||     6
 Stab: Paralysed         |       |       |     5 |    35 |     3 |       ||    43
       Sleeping          |       |       |     2 |     1 |       |       ||     3
       Distracted        |       |       |       |       |     1 |       ||     1
       Petrified         |       |       |       |       |       |     6 ||     6
       Petrifying        |       |       |       |       |       |     1 ||     1
Armor: Leather armour    |    15 |       |       |       |       |       ||    15
       Ring mail         |     4 |    59 |   151 |    56 |       |       ||   270
       Troll leather arm |       |       |       |    61 |       |       ||    61
       Chain mail        |       |       |       |   526 |   552 |   425 ||  1503
Dodge: Dodged            |    60 |    82 |   243 |   600 |   476 |   302 ||  1763
Block: Kite shield       |       |       |       |       |   899 |   972 ||  1871
       Reflection        |       |       |       |       |       |    99 ||    99
       Rpst.: Falchion   |    23 |    14 |    73 |   135 |    19 |       ||   264
       Long sword        |       |       |       |     7 |    12 |       ||    19
       Demon blade       |       |       |       |       |   105 |    27 ||   132
       Great sword       |       |       |       |       |       |    47 ||    47

Table legend: (Time is in decaauts)
 A = Elapsed time spent in this place.
 B = Non-inter-level travel time spent in this place.
 C = Inter-level travel time spent in this place.
 D = Time resting spent in this place.
 E = Time spent auto-exploring this place.
 F = Levels seen in this place.
 G = Mean time per level.
                   A        B        C        D        E       F      G
               +--------+--------+--------+--------+--------+-----+--------+
         Total |  42569 |  39336 |   3233 |   9484 |  20914 |  27 | 1576.6 |
       Dungeon |  20972 |  18702 |   2270 |   3186 |  10385 |  15 | 1398.1 |
          Lair |  10271 |   9704 |    567 |   1814 |   6131 |   6 | 1711.8 |
        Shoals |   6704 |   6612 |     92 |   3031 |   2630 |   3 | 2234.7 |
  Orcish Mines |   4505 |   4203 |    302 |   1452 |   1699 |   2 | 2252.5 |
         Abyss |    116 |    116 |      0 |      0 |     69 |   1 |  116.0 |
               +--------+--------+--------+--------+--------+-----+--------+

Top non-repeatable levels by time:
     D:8: 3300 daAuts
Shoals:1: 2697 daAuts
Shoals:2: 2484 daAuts
   Orc:2: 2462 daAuts
  Lair:6: 2132 daAuts
  Lair:2: 2074 daAuts
   Orc:1: 2042 daAuts
    D:15: 1838 daAuts
    D:14: 1804 daAuts
  Lair:1: 1654 daAuts
  Lair:4: 1646 daAuts
Shoals:3: 1522 daAuts
  Lair:3: 1504 daAuts
    D:11: 1429 daAuts
     D:5: 1403 daAuts
